 Dungeon Crawl Stone Soup version 0.31-a0-339-gda1cbd555d (webtiles) character file.

Game seed: 4210516444122376268

367 ragingrage the Cutter (level 6, -2/39 (43) HPs)
             Began as a Barachi Shapeshifter on July 20, 2023.
             Was a Follower of Ru.
             Slain by a wight
             ... wielding a +4 hand axe
              (5 damage)
             ... on level 6 of the Dungeon.
             The game lasted 00:04:10 (2635 turns).

ragingrage the Cutter (Barachi Shapeshifter)        Turns: 2635, Time: 00:04:10

HP:   -2/39 (43)    AC:  5    Str: 16    XL:     6   Next: 69%
MP:   6/6           EV: 11    Int:  8    God:    Ru [*.....]
Gold: 153           SH:  0    Dex: 21    Spells: 5/5 levels left

rFire   . . .        k - +2 dagger (drain)
rCold   . . .        (no shield)
rNeg    . . .        v - +0 ring mail
rPois   .            (helmet currently unavailable)
rElec   .            (cloak currently unavailable)
rCorr   .            (gloves currently unavailable)
SInv    .            (boots currently unavailable)
Will    .....        (no amulet)
Stlth   ++           p - +6 ring of dexterity
HPRegen 0.26/turn    (no ring)
MPRegen 0.10/turn

%: no passive effects
@: beast-form, drained, slow
A: beast (slay +2), amphibious, slowness 1, hated by all, strong legs 1, +LOS
a: Hop, Begin Untransformation, Renounce Religion


You were on level 6 of the Dungeon.
You worshipped Ru.
Ru was aware of your devotion.
You were a hulking beast.
You visited 1 branch of the dungeon, and saw 6 of its levels.

You collected 153 gold pieces.

Inventory:

Hand Weapons
 k - a +2 dagger of draining (weapon)
Armour
 t - a +0 pair of gloves
 v - a +0 ring mail (worn)
Jewellery
 p - a +6 ring of dexterity (left hand)
Talismans
 c - a beast talisman
Scrolls
 a - a scroll of torment {unknown}
 d - a scroll of fog {unknown}
 e - a scroll of enchant armour {unknown}
 g - a scroll of amnesia {unknown}
 h - a scroll of poison {unknown}
 i - a scroll of brand weapon {unknown}
 l - a scroll of identify
 m - a scroll of summoning {unknown}
 q - a scroll of acquirement {unknown}
 r - a scroll of immolation {unknown}
 u - a scroll of fear {unknown}
Potions
 b - 2 potions of lignification
 f - 2 potions of haste
 j - 3 potions of curing
 n - a potion of cancellation {unknown}
 o - 2 potions of berserk rage
 s - a potion of attraction {unknown}
 w - a potion of heal wounds {unknown}


   Skills:
 + Level 1.2 Fighting
 + Level 6.0 Short Blades
 - Level 2.1 Dodging
 - Level 2.0 Stealth
 - Level 4.2 Unarmed Combat
 - Level 3.2 Shapeshifting


You had 5 spell levels left.
You didn't know any spells.
Your spell library contained the following spells:

 Spells                   Type           Power      Damage    Failure   Level
 Frozen Ramparts          Ice            0%         1d1       94%         3
 Petrify                  Tmut/Erth      0%         N/A       100%        4
 Metabolic Englaciation   Hex/Ice        0%         N/A       100%        5


Dungeon Overview and Level Annotations

Branches:
Dungeon (5/15)
 Temple: D:4-7

Altars:
Ru

Shops:
D:1 [   D:2 (


Innate Abilities, Weirdness & Mutations

You are a hulking beast.
Your limbs bulge with bestial killing power. (Slay +2)
You are amphibious.
You cover ground slowly.
You are hated by all.
You can hop short distances.
You have an extended range of vision and can be seen from far away.


Message History

w - a fizzy cyan potion
As you read the scroll of identify, it crumbles to dust.
o - 2 potions of berserk rage You see here a +0 chain mail.
l - a scroll of identify A sourceless malevolence fills the Dungeon...
You fall into a shaft and drop 2 floors!
The shaft crumbles and collapses.
Unknown command.
Unknown command.
Sigmund the Dreaded comes into view.
He is wielding a +0 scythe.
Sigmund casts a spell at you. You resist with some effort.
Sigmund hits you from afar with a +0 scythe!
You barely miss Sigmund. Sigmund completely misses you.
You hit Sigmund. You hit Sigmund. You drain Sigmund.
Sigmund closely misses you.
You hit Sigmund. You puncture Sigmund! You drain Sigmund.
You kill Sigmund!
Your Short Blades skill gained 2 levels and is now at level 6!
You have reached level 6!
Things that are here:
a +0 scythe; a +0 robe
Found a stone staircase leading down.
You now have 153 gold pieces (gained 5).
You start resting.
Unknown command. 2 wights come into view.
You hit the wight but do no damage. The wight hits you with a +4 hand axe!
You feel drained.
You hit the wight. The wight hits you with a +4 hand axe!
You puncture the wight! You hit the wight. The wight barely misses you.
You hit the wight. The wight hits you with a +4 hand axe.
You hit the wight. You hit the wight but do no damage.
The wight hits you with a +4 hand axe!
* * * LOW HITPOINT WARNING * * *
You feel drained.
You die...

##.## ...# #).#
#..#####.# #..z...zz# #.#
##.##
.####.##########...##
.......>hz..........###.#
.############...).......#
##......##### #.#...##
#.##.## ###.##.#
##...##.# #..#....#
#....####


You could see a wight.

Vanquished Creatures
  Sigmund (D:6)
  A phantom (D:4)
  A hound (D:5)
  An iguana (D:4)
  3 adders
  A dart slug (D:1)
  An orc (D:3)
  6 ball pythons
  2 giant cockroaches
  4 goblins
  6 hobgoblins
  4 jackals (D:2)
  2 kobolds (D:3)
  2 quokkas
  4 bats
  5 frilled lizards
  7 rats
51 creatures vanquished.

Notes
Turn   | Place    | Note
-------+----------+-------------------------------------------
     0 | D:1      | ragingrage the Barachi Shapeshifter began the quest for the
                  | Orb.
     0 | D:1      | Reached XP level 1. HP: 15/15 MP: 1/1
   222 | D:1      | Found Mepef's Antique Armour Shop.
   225 | D:1      | Found a faded altar of an unknown god.
   240 | D:1      | Prayed at the altar of an unknown god.
   240 | D:1      | Became a worshipper of Ru the Awakened
   254 | D:1      | Gained mutation: You are hated by all. [Ru sacrifice]
   254 | D:1      | Reached * piety under Ru
   289 | D:1      | Reached XP level 2. HP: 21/21 MP: 2/2
  1026 | D:2      | Reached XP level 3. HP: 26/26 MP: 3/3
  1055 | D:2      | Found Febunkon's Weapon Shop.
  1278 | D:2      | Reached skill level 1 in Stealth
  1388 | D:2      | Reached skill level 1 in Short Blades
  1561 | D:3      | Reached XP level 4. HP: 32/32 MP: 4/4
  2206 | D:4      | Reached skill level 2 in Short Blades
  2214 | D:4      | Noticed a phantom
  2225 | D:5      | Entered Level 5 of the Dungeon
  2306 | D:5      | Reached skill level 3 in Short Blades
  2306 | D:5      | Reached XP level 5. HP: 36/37 MP: 5/5
  2329 | D:4      | Killed a phantom
  2330 | D:4      | Reached skill level 4 in Short Blades
  2554 | D:4      | You fall into a shaft and drop 2 floors!
  2562 | D:6      | Noticed Sigmund
  2571 | D:6      | Killed Sigmund
  2572 | D:6      | Reached skill level 6 in Short Blades
  2572 | D:6      | Reached XP level 6. HP: 33/43 MP: 6/6
  2635 | D:6      | Slain by a wight

Illustrated notes

Levels and vault maps discovered:
D:1:      spicycebolla_arrival_xxxplode, layout_basic, serial_shops,
          nicolae_shop_just_a_little_nook, dreamdust_ecumenical_altar_grove,
          serial_forest, infiniplex_forest_clump_long,
          infiniplex_forest_clump_diagonal, infiniplex_forest_clump_small,
          infiniplex_forest_end_2, infiniplex_forest_clump_cross,
          infiniplex_forest_clump_large, infiniplex_forest_straight_2,
          infiniplex_forest_end_3, minmay_tetromino_l4
D:2:      layout_basic, serial_shops, nicolae_shop_just_a_little_nook
D:3:      layout_basic
D:4:      layout_loops_cross, mainiacjoe_overflow_surrounded_room,
          corexii_item_surrounded_by_moat, kennysheep_nub
D:5:      layout_cave_pods, serial_park, serial_park_square1
          [serial_park_minivault_5x5_6], serial_park_square3
          [serial_park_minivault_5x5_1], serial_park_tiny_2, serial_park_gazebo
          [serial_park_minivault_5x5_6], serial_park_square2, serial_shops,
          nicolae_shop_advertising_works [nicolae_subvault_shop_adworks],
          skrybe_limestone_x, uniq_menkaure
D:6:      layout_loops_ring, uniq_sigmund

Skill      XL: |  1  2  3  4  5 |
---------------+----------------+-----
Unarmed Combat | 4 |  4.2
Stealth        | 1 2 |  2.0
Short Blades   | 1 3 6 |  6.0
Fighting       | |  1.2
Dodging        | |  2.1
Shapeshifting  | |  3.2

Action                     |  1- 3 |  4- 6 || total
---------------------------+-------+-------++-------
  Melee: Unarmed           |    38 |       ||    38
         Punch             |     1 |     1 ||     2
         Dagger            |    55 |    41 ||    96
 Invoke: Sacrifice Love    |     1 |       ||     1
Ability: Hop               |     1 |       ||     1
    Use: Scroll            |       |     4 ||     4
   Stab: Sleeping          |     4 |     2 ||     6
 Armour: Animal skin       |    17 |     3 ||    20
  Dodge: Dodged            |    62 |    10 ||    72

Table legend: (Time is in decaauts)
 A = Elapsed time spent in this place.
 B = Non-inter-level travel time spent in this place.
 C = Inter-level travel time spent in this place.
 D = Time resting spent in this place.
 E = Time spent auto-exploring this place.
 F = Levels seen in this place.
 G = Mean time per level.
                   A        B        C        D        E       F      G
               +--------+--------+--------+--------+--------+-----+--------+
         Total |   3069 |   2742 |    327 |     89 |   2175 |   6 |  511.5 |
       Dungeon |   3069 |   2742 |    327 |     89 |   2175 |   6 |  511.5 |
               +--------+--------+--------+--------+--------+-----+--------+

Top non-repeatable levels by time:
     D:1: 1181 daAuts
     D:3: 886 daAuts
     D:2: 680 daAuts
     D:4: 124 daAuts
     D:5: 112 daAuts
     D:6: 84 daAuts
